 Dungeon Crawl Stone Soup version 0.18-a0-1323-g706dcef (webtiles) character file.

53 varam the Sneak (level 3, -2/16 HPs)
             Began as a Spriggan Enchanter on Feb 15, 2016.
             Slain by a kobold
             ... wielding a +0 whip
              (4 damage)
             ... on level 3 of the Dungeon.
             The game lasted 00:05:11 (1966 turns).

varam the Sneak (Spriggan Enchanter)                Turns: 1966, Time: 00:05:11

Health: -2/16      AC:  3    Str:  4    XL:     3   Next: 64%
Magic:  3/8        EV: 18    Int: 16    God:
Gold:   91         SH:  0    Dex: 17    Spells: 3 memorised, 1 level left

rFire  . . .     SeeInvis +     g - +3 short sword
rCold  . . .     Gourm    .     b - +1 robe
rNeg   . . .     Faith    .     (shield restricted)
rPois  .         Spirit   .     (helmet restricted)
rElec  .         Dismiss  .     (no cloak)
rCorr  .         Reflect  .     (gloves unavailable)
SustAt .         Harm     .     (boots unavailable)
MR     +....                    (no amulet)
Stlth  ++++......               (no ring)
                                l - ring of protection from magic

@: lethally poisoned (-2 -> -20), very slightly contaminated, very quick,
somewhat resistant to hostile enchantments, stealthy
A: unfitting armour, see invisible, herbivore 3, speed 3, slow metabolism 2
a: no special abilities


You were on level 3 of the Dungeon.
You were not hungry.

You visited 1 branch of the dungeon, and saw 3 of its levels.

You collected 91 gold pieces.

Inventory:

Hand Weapons
 a - a +1 dagger
 g - a +3 short sword (weapon)
Armour
 b - a +1 robe (worn)
Jewellery
 l - a ring of protection from magic (left hand)
Scrolls
 f - a scroll of remove curse {unknown}
 j - 4 scrolls of identify {unknown}
 m - a scroll of enchant weapon {unknown}
 o - a scroll of enchant armour {unknown}
Potions
 e - 2 potions of heal wounds {unknown}
 i - a potion of agility {unknown}
 k - a potion of might {unknown}
 p - a potion of invisibility {unknown}
Books
 c - a book of Maledictions

   Spells                             Type                      Level
   a - Corona                         Hexes                        1
   b - Ensorcelled Hibernation        Hexes/Ice                    2
   c - Confuse                        Hexes                        3
   d - Tukima's Dance                 Hexes                        3
   e - Dazzling Spray                 Conjuration/Hexes            3
 n - a book of Alchemy

   Spells                             Type                      Level
   a - Sublimation of Blood           Necromancy                   2
   b - Ignite Poison                  Fire/Transmutation/Poison    3
   c - Petrify                        Transmutation/Earth          4
   d - Alistair's Intoxication        Transmutation/Poison         5
   e - Irradiate                      Conjuration/Transmutation    5
Comestibles
 d - 4 bread rations
 h - 7 fruits


   Skills:
 + Level 3.0 Short Blades
 - Level 3.0 Dodging
 + Level 5.7 Stealth
 - Level 2.6 Spellcasting
 - Level 3.6 Hexes


You had one spell level left.
You knew the following spells:

 Your Spells              Type           Power        Failure   Level  Hunger
a - Ensorcelled Hibernat  Hex/Ice        #.....       17%         2    ##.....
b - Corona                Hex            ##.....      6%          1    #......
c - Confuse               Hex            ##......     14%         3    ###....


Dungeon Overview and Level Annotations

Branches:
Dungeon (3/15)

Altars:


Innate Abilities, Weirdness & Mutations

You are tiny and cannot use many weapons and most armour.
You have supernaturally acute eyesight.
You are an herbivore.
You cover ground extremely quickly.
You need consume almost no food.


Message History

The poisoned needle barely misses you.
Found a quarterstaff.
You feel sick.
You feel sick.
The kobold unwields an uncursed blowgun.
The kobold wields an uncursed whip.
The kobold misses you.
You closely miss the kobold.
You feel sick. The kobold misses you.
You closely miss the kobold.
* * * LOW HITPOINT WARNING * * *
You feel sick.
You hit the kobold.
The kobold is moderately wounded.
* * * LOW HITPOINT WARNING * * *
You feel sick. The kobold closely misses you.
You hit the kobold but do no damage.
The kobold is moderately wounded.
* * * LOW HITPOINT WARNING * * *
You feel sick.
The kobold hits you with an uncursed whip.
You die...

#.#. .......# ...
.......#
...#.#..).#
..#.#....##
####.#........
...........## ##
#.K...........
#@#^..###.##
#...........
#.........#
#..####.(.......##
..................
#..####.(.()......
#...###..#.#.#.#.#
#..........#.# .>#
#....##..#.#.#...#


You could see a kobold.

Vanquished Creatures
  An adder (D:2)
  A giant gecko (D:2)
  An orc (D:3)
  2 giant cockroaches
  8 goblins
  7 hobgoblins
  4 jackals (D:1)
  2 quokkas
  4 bats
  2 kobolds (D:1)
  6 rats
38 creatures vanquished.

Notes
Turn   | Place    | Note
--------------------------------------------------------------
     0 | D:1      | varam the Spriggan Enchanter began the quest for the Orb.
     0 | D:1      | Reached XP level 1. HP: 9/9 MP: 5/5
   511 | D:1      | Reached XP level 2. HP: 13/13 MP: 4/6
   515 | D:1      | Learned a level 2 spell: Ensorcelled Hibernation
   615 | D:1      | Reached skill level 5 in Stealth
  1251 | D:2      | Reached XP level 3. HP: 16/16 MP: 8/8
  1256 | D:2      | Learned a level 3 spell: Confuse
  1610 | D:2      | Found a faded altar to an unknown god.
  1966 | D:3      | Slain by a kobold

Vault maps used:
D:1:      erik_arrival_cave_to_civilisation, minmay_misc_feat_tower
D:2:      ecumenical_altar_2
D:3:      fedhas_altar_fruit_tree

Action                   || total
-------------------------++-------
Melee: Dagger            ||    20
       Short sword       ||    81
 Cast: Corona            ||    10
       Ensorcelled Hiber ||     4
 Stab: Sleeping          ||    12
